 Dungeon Crawl Stone Soup version 0.28.0-53-g5a82cb258f (webtiles) character file.

Game seed: 17169971218192383842

300 safid the Chopper (level 6, -2/52 HPs)
             Began as a Hill Orc Fighter on July 22, 2022.
             Was an Initiate of Beogh.
             Slain by Menkaure (17 damage)
             ... on level 5 of the Dungeon.
             The game lasted 00:03:44 (3339 turns).

safid the Chopper (Hill Orc Fighter)                Turns: 3339, Time: 00:03:45

Health: -2/52      AC:  8    Str: 21    XL:     6   Next: 36%
Magic:  6/6        EV:  8    Int:  8    God:    Beogh [......]
Gold:   239        SH:  9    Dex: 10    Spells: 5/5 levels left

rFire   . . .      SeeInvis .   a - +0 war axe
rCold   . . .      Faith    .   l - +0 kite shield
rNeg    . . .      Spirit   .   b - +0 scale mail
rPois   .          Reflect  .   (no helmet)
rElec   .          Harm     .   (no cloak)
rCorr   .          Rampage  .   p - +0 pair of gloves
Will    .....                   (no boots)
Stlth   ..........              o - amulet of the acrobat
HPRegen 0.17/turn               (no ring)
MPRegen 0.10/turn               (no ring)

@: no status effects
A: no striking features
a: Renounce Religion


You were on level 5 of the Dungeon.
You worshipped Beogh.
Beogh was noncommittal.
You visited 1 branch of the dungeon, and saw 5 of its levels.

You collected 239 gold pieces.

Inventory:

Hand Weapons
 a - a +0 war axe (weapon)
Missiles
 k - 15 poisoned darts (quivered)
Armour
 b - a +0 scale mail (worn)
 l - a +0 kite shield (worn)
 p - a +0 pair of gloves (worn)
Jewellery
 o - an amulet of the acrobat (around neck)
Wands
 w - a wand of digging (6)
Scrolls
 e - 3 scrolls of identify {unknown}
 g - a scroll of teleportation {unknown}
 h - a scroll of enchant weapon {unknown}
 j - a scroll of fear {unknown}
 m - a scroll of immolation {unknown}
 q - a scroll of enchant armour {unknown}
 r - a scroll of noise {unknown}
 u - a scroll of blinking {unknown}
Potions
 c - a potion of experience {unknown}
 d - 2 potions of might
 f - 3 potions of degeneration {unknown}
 i - a potion of attraction {unknown}
 n - a potion of lignification {unknown}
 s - a potion of berserk rage {unknown}
 t - 2 potions of curing {unknown}
 v - a potion of heal wounds {unknown}
 x - a potion of flight {unknown}
 z - a potion of ambrosia {unknown}


   Skills:
 - Level 4.0 Fighting
 + Level 5.9 Axes
 - Level 4.0 Armour
 + Level 5.5 Shields


You had 5 spell levels left.
You didn't know any spells.
Your spell library contained the following spells:

 Spells                   Type           Power      Damage    Failure   Level
 Animate Skeleton         Necr           0%         N/A       97%         1
 Pain                     Necr           0%         1d4       97%         1
 Sandblast                Erth           0%         2d4       97%         1
 Sting                    Tmut/Pois      0%         1d3       97%         1
 Passwall                 Tmut/Erth      0%         N/A       99%         2
 Poisonous Vapours        Pois/Air       0%         N/A       99%         2
 Stone Arrow              Conj/Erth      0%         3d7       100%        3
 Vampiric Draining        Necr           0%         2d6       100%        3
 Olgreb's Toxic Radiance  Pois           0%         N/A       100%        4


Dungeon Overview and Level Annotations

Branches:
Dungeon (5/15)
 Temple: D:4-7

Altars:

Shops:
D:1 [

Annotations:
D:4 2 transporters, turdburglar's ghost, novice HuFi
D:5 Menkaure


Message History

Partly explored, unvisited transporter.
Partly explored, unvisited transporter.
Partly explored, unvisited transporter.
Partly explored, unvisited transporter.
(D) Dungeon
Where to? (Enter - D:4, ? - help)
Found 13 gold pieces.
Turdburglar's ghost turns its malevolent gaze towards you.
There is a transporter landing site here.
There is a stone staircase leading down here.
You climb downwards.
There is a stone staircase leading up here.
You open the door.
There is an open door here.
You open the door.
There is an open door here.
z - a fizzy golden potion You open the door.
There is an open door here.
Found 19 bolts.
Menkaure, Prince of Dust comes into view.
Menkaure shouts!
You slash Menkaure!
Menkaure is heavily damaged.
Menkaure mumbles some strange words.
Menkaure seems to speed up.
A water moccasin skeleton comes into view.
You closely miss Menkaure.
Menkaure is heavily damaged.
Menkaure grins.
Menkaure calls on the powers of darkness!
Your body is wracked with pain!
You hit Menkaure but do no damage.
Menkaure is heavily damaged.
Menkaure calls on the powers of darkness!
Your body is wracked with pain!
* * * LOW HITPOINT WARNING * * *
Menkaure grins.
Menkaure hits you!
You die...

#.......# +.......####
+#.. #...#+#....# ....
#P....'....# .....
...+..#....# .....
...#..#....# ......
#######....##+####..Z...
.................M..#
................@...#
....................#
................!...#
...####.....#+#######
... #.....# .. #...(.#
#.....# #..... #...


You could see Menkaure (fast) and a water moccasin skeleton.

Vanquished Creatures
  An ogre (D:4)
  3 iguanas (D:4)
  4 adders
  An adder skeleton (D:4)
  2 worms
  3 dart slugs
  7 orcs
  8 endoplasms
  5 giant cockroaches
  8 goblins
  5 hobgoblins
  5 quokkas
  6 ball pythons
  10 bats
  3 frilled lizards
  9 kobolds
  6 rats
86 creatures vanquished.

Vanquished Creatures (others)
  An orc (D:4)
  A plant (D:2)
2 creatures vanquished.

Grand Total: 88 creatures vanquished

Notes
Turn   | Place    | Note
-------+----------+-------------------------------------------
     0 | D:1      | safid the Hill Orc Fighter began the quest for the Orb.
     0 | D:1      | Reached XP level 1. HP: 19/19 MP: 1/1
    28 | D:1      | Found Logh's Armour Boutique.
   154 | D:1      | Reached XP level 2. HP: 27/27 MP: 2/2
   671 | D:1      | Reached XP level 3. HP: 32/33 MP: 3/3
  1508 | D:2      | Reached XP level 4. HP: 39/40 MP: 4/4
  2542 | D:4      | Found a transporter.
  2545 | D:4      | Noticed turdburglar's ghost (novice HuFi)
  2573 | D:4      | Reached XP level 5. HP: 46/46 MP: 5/5
  2594 | D:4      | Became a worshipper of Beogh the Brigand
  2655 | D:4      | Found a transporter.
  2834 | D:4      | Reached skill level 5 in Axes
  2835 | D:4      | Reached skill level 5 in Shields
  2892 | D:4      | Noticed an ogre
  2900 | D:4      | Killed an ogre
  2901 | D:4      | Reached XP level 6. HP: 30/52 MP: 6/6
  3297 | D:5      | Entered Level 5 of the Dungeon
  3334 | D:5      | Noticed Menkaure
  3339 | D:5      | Slain by Menkaure

Illustrated notes

Levels and vault maps discovered:
D:1:      tarquinn_simple_flora_water_f, layout_loops_corners, serial_shops,
          shop, st_stairs_10, minmay_nonomino_d4
D:2:      minmay_spotlight, layout_basic, serial_forest,
          infiniplex_forest_straight_3, infiniplex_forest_straight_5,
          infiniplex_forest_clump_curved, infiniplex_forest_zigzag_1,
          infiniplex_forest_lined_2, infiniplex_forest_end_2,
          mrwooster_statue_mirror
D:3:      layout_rooms
D:4:      layout_cave_pools, gammafunk_ghost_mausoleum
D:5:      layout_gridville, minmay_temple_entry_nine_rooms,
          ebering_ghost_reflecting_pool, corexii_shack, uniq_menkaure,
          uniq_eustachio

Skill      XL: |  1  2  3  4  5 |
---------------+----------------+-----
Axes           | 3 4 5 |  5.9
Fighting       | 4 |  4.0
Armour         | 4 |  4.0
Shields        | 4 5 |  5.5

Action                   |  1- 3 |  4- 6 || total
-------------------------+-------+-------++-------
Melee: War axe           |   121 |   128 ||   249
Throw: Dart              |       |     3 ||     3
Invok: Convert to Beogh  |       |     1 ||     1
Armor: Scale mail        |    56 |    56 ||   112
Dodge: Dodged            |    58 |    42 ||   100
Block: Buckler           |    15 |       ||    15
       Kite shield       |    10 |    68 ||    78
